 Dungeon Crawl Stone Soup version 0.18-a0-1405-g73f4075 (webtiles) character file.

7189 glosham the Zephyrmancer (level 11, -6/67 HPs)
             Began as a Gargoyle Venom Mage on Feb 24, 2016.
             Was a Priest of Vehumet.
             Mangled by an unseen horror (9 damage)
             ... on level 10 of the Dungeon on Feb 25, 2016.
             The game lasted 03:12:22 (7541 turns).

glosham the Zephyrmancer (Gargoyle Venom Mage)      Turns: 7541, Time: 03:12:23

Health: -6/67      AC: 14    Str: 18    XL:     11   Next: 11%
Magic:  22/22      EV: 17    Int: 23    God:    Vehumet [***...]
Gold:   779        SH:  0    Dex: 15    Spells: 7 memorised, 6 levels left

rFire  . . .     SeeInvis .     a - +8 quarterstaff (chaos)
rCold  . . .     Gourm    .     X - +1 robe {MR+}
rNeg   + . .     Faith    .     (shield currently unavailable)
rPois  ∞         Spirit   .     U - +2 helmet
rElec  +         Dismiss  .     Y - +0 cloak
rCorr  .         Reflect  .     (no gloves)
SustAt .         Harm     .     (no boots)
MR     +....                    z - amulet of magic regeneration
Stlth  +++.......               (no ring)
                                (no ring)

@: mighty, brilliant, agile, somewhat resistant to hostile enchantments, fairly
stealthy
A: negative energy resistance 1, electricity resistance, unbreathing,
petrification resistance, rot immunity, AC +7
a: Renounce Religion


You were on level 10 of the Dungeon.
You worshipped Vehumet.
Vehumet was most pleased with you.
You were not hungry.

You visited 2 branches of the dungeon, and saw 11 of its levels.
You also visited: Ossuary.

You collected 779 gold pieces.

Inventory:

Hand Weapons
 a - a +8 quarterstaff of chaos (weapon)
 b - a +3 halberd
 c - a +0 blowgun
 d - a +0 hunting sling
Missiles
 u - 13 sling bullets of frost
 w - 53 poisoned needles
 x - a curare-tipped needle
 W - 2 throwing nets (quivered)
Armour
 T - a +2 ring mail of cold resistance
 U - a +2 helmet (worn)
 X - a +1 robe of magic resistance (worn)
 Y - a +0 cloak (worn)
Jewellery
 z - an amulet of magic regeneration (around neck)
 D - the ring "Joestriss" {Fire rPois rN++}
   (You took it off an orc wizard on level 9 of the Dungeon)

   [ring of fire]

   It enhances your fire magic, and weakens your ice magic.
   It protects you from fire.
   It makes you vulnerable to cold.
   It protects you from poison.
   It greatly protects you from negative energy.
 M - a cursed amulet of inaccuracy {unknown}
 V - an uncursed amulet of guardian spirit {unknown}
 Z - an uncursed ring of fire {unknown}
Wands
 g - a wand of paralysis (13/24)
 l - a wand of iceblast (6/15)
 Q - a wand of acid (6/15)
 S - a wand of paralysis (7/24)
Scrolls
 e - 5 scrolls of teleportation
 h - 6 scrolls of remove curse
 p - a scroll of blinking
 r - 2 scrolls of fog
 y - 4 scrolls of amnesia
 K - 4 scrolls of recharging
 N - a scroll of immolation
Potions
 f - 2 potions of resistance {unknown}
 k - 2 potions of might
 q - 3 potions of curing
 s - 4 potions of agility
 t - a potion of invisibility
 v - 2 potions of magic
 A - a potion of flight
 C - 2 potions of mutation {!q}
 F - a potion of brilliance
 G - a potion of cure mutation {!q}
Books
 i - a Young Poisoner's Handbook

   Spells                             Type                      Level
   a - Sting                          Conjuration/Poison           1
   b - Cure Poison                    Poison                       2
   c - Mephitic Cloud                 Conjuration/Poison/Air       3
   d - Olgreb's Toxic Radiance        Poison                       4
   e - Venom Bolt                     Conjuration/Poison           5
 o - a book of Hinderance

   Spells                             Type                      Level
   a - Confusing Touch                Hexes                        2
   b - Confuse                        Hexes                        3
   c - Gell's Gravitas                Hexes/Translocation          3
   d - Petrify                        Transmutation/Earth          4
   e - Metabolic Englaciation         Hexes/Ice                    5
   f - Yara's Violent Unravelling     Hexes/Transmutation          5
 E - a book of Party Tricks

   Spells                             Type                      Level
   a - Summon Butterflies             Summoning                    1
   b - Apportation                    Translocation                1
   c - Tukima's Dance                 Hexes                        3
   d - Alistair's Intoxication        Transmutation/Poison         5
   e - Invisibility                   Hexes                        6
 P - a book of Air

   Spells                             Type                      Level
   a - Shock                          Conjuration/Air              1
   b - Swiftness                      Charms/Air                   2
   c - Repel Missiles                 Charms/Air                   2
   d - Static Discharge               Conjuration/Air              3
   e - Lightning Bolt                 Conjuration/Air              5
Comestibles
 j - 9 meat rations
 n - 11 bread rations
 B - 2 royal jellies
 I - 2 slices of pizza
 J - a fruit
 O - 2 beef jerkies


   Skills:
 - Level 7.1 Fighting
 - Level 1.5 Dodging
 - Level 2.1 Stealth
 + Level 7.4 Spellcasting
 - Level 7.2 Conjurations
 - Level 1.0 Charms
 - Level 2.1 Translocations
 * Level 8.2 Air Magic
 - Level 6.5 Poison Magic


You had 6 spell levels left.
You knew the following spells:

 Your Spells              Type           Power        Failure   Level  Hunger
a - Apportation           Tloc           ####......   1%          1    None
d - Repel Missiles        Chrm/Air       #####.       1%          2    None
l - Lightning Bolt        Conj/Air       ######....   1%          5    #####..
m - Mephitic Cloud        Conj/Pois/Air  ######..     1%          3    None
o - Olgreb's Toxic Radia  Pois           ######..     1%          4    ###....
B - Summon Butterflies    Summ           ###.....     1%          1    None
H - Swiftness             Chrm/Air       #####...     1%          2    None


Dungeon Overview and Level Annotations

Branches:
Dungeon (10/15)            Temple (1/1) D:6             Orc (0/2) D:10
   Lair: D:8-11

Altars:
Ashenzari
Cheibriados
Dithmenos
Elyvilon
Fedhas
Gozag
Kikubaaqudgha
Nemelex Xobeh
Okawaru
Pakellas
Qazlal
Ru
Sif Muna
Trog
Vehumet
Xom
Yredelemnul
Zin
The Shining One
Beogh

Shops:
D:8 :


Innate Abilities, Weirdness & Mutations

You are resistant to torment.
Your stone body is resilient (AC +7).
You are immune to poison.
You resist negative energy.
You are resistant to electric shocks.
You can survive without breathing.
You are immune to petrification.
You are immune to rotting.


Message History

M4edhros's ghost is heavily damaged.
Something hits you but does no damage.
M4edhros's ghost says, "Missed me!"
M4edhros's ghost closely misses you.
You closely miss M4edhros's ghost.
M4edhros's ghost is heavily damaged.
Something barely misses you. M4edhros's ghost hits you.
M4edhros's ghost burns you. M4edhros's ghost barely misses you.
You barely miss M4edhros's ghost.
M4edhros's ghost is heavily damaged.
Something hits you but does no damage. M4edhros's ghost misses you.
You thump M4edhros's ghost! You burn M4edhros's ghost.
M4edhros's ghost is severely damaged.
Something hits you but does no damage.
M4edhros's ghost hits you but does no damage.
You miss M4edhros's ghost.
M4edhros's ghost is severely damaged.
Something hits you but does no damage.
M4edhros's ghost hits you but does no damage.
M4edhros's ghost hits you!
* * * LOW HITPOINT WARNING * * *
You sock M4edhros's ghost!
M4edhros's ghost convulses.
M4edhros's ghost is almost destroyed.
Something barely misses you. Something hits you.
* * * LOW HITPOINT WARNING * * *
M4edhros's ghost misses you.
You barely miss M4edhros's ghost.
M4edhros's ghost is almost destroyed.
Something barely misses you. M4edhros's ghost closely misses you.
Drink which item? (? for menu, Esc to quit)
You feel better. Something hits you but does no damage.
M4edhros's ghost hits you!
* * * LOW HITPOINT WARNING * * *
You hit M4edhros's ghost.
You destroy M4edhros's ghost!
Vehumet accepts your kill.
You feel your power returning.
Your Air Magic skill increases to level 8!
Something hits you!
You die...

########.##
..........#
..........##
...........
...$......#
..........#
..........#
......%@..#
..........#
########.##
#####..#
###..)..##
#...#####
##'#######
#........#
#........#
###########


There were no monsters in sight!

Vanquished Creatures
  The ghost of M4edhros the Nimble, a journeyman OpAr of Gozag (D:10)
  The ghost of BenSoosneb the Devastator, a novice TeCj of Vehumet (D:9)
  2 hill giants
  A gargoyle (D:10)
  A merfolk (D:9)
  A wraith (D:9)
  Eustachio (D:6)
  The ghost of Azzok the Covert, an amateur SpEn (Ossuary)
  A steam dragon (D:7)
  A hungry ghost (D:10)
  A water moccasin (D:7)
  Duvessa (D:7)
  5 orc warriors
  2 ice beasts (D:8)
  4 sky beasts
  An ogre (D:9)
  3 necrophages
  2 phantoms
  A crocodile (D:6)
  3 giant frogs
  A gnoll sergeant (D:8)
  Dowan (D:7)
  A wyvern skeleton (D:7)
  5 wights (D:9)
  7 crimson imps
  2 jellies
  3 orc priests
  2 quasits
  Crazy Yiuf (D:4)
  2 hounds (D:6)
  A giant frog skeleton (D:9)
  Terence (D:3)
  2 iguanas
  5 orc wizards
  4 worker ants
  3 mummies (Ossuary)
  Robin (D:3)
  15 gnolls
  12 adders
  3 shadow imps
  An adder zombie (Ossuary)
  5 worms
  An adder skeleton (D:5)
  2 dart slugs
  7 giant geckos
  20 orcs
  6 bats
  5 giant cockroaches
  2 gnoll zombies (Ossuary)
  7 hobgoblins
  17 jackals
  A quokka (D:4)
  A giant gecko skeleton (D:9)
  3 giant newts
  21 goblins
  3 goblin zombies
  5 hobgoblin zombies (Ossuary)
  A jackal zombie (D:6)
  7 kobolds
  A kobold zombie (Ossuary)
  2 quokka skeletons
  3 quokka zombies (Ossuary)
  6 rats
  4 rat zombies (Ossuary)
237 creatures vanquished.

Vanquished Creatures (others)
  A phantom (D:6)
  2 fulminant prisms (D:9)
3 creatures vanquished.

Grand Total: 240 creatures vanquished

Notes
Turn   | Place    | Note
--------------------------------------------------------------
     0 | D:1      | glosham the Gargoyle Venom Mage began the quest for the Orb.
     0 | D:1      | Reached XP level 1. HP: 10/10 MP: 3/3
    73 | D:1      | Reached skill level 1 in Fighting
   176 | D:1      | Reached XP level 2. HP: 17/17 MP: 0/5
   257 | D:1      | Reached skill level 2 in Fighting
   607 | D:2      | Reached XP level 3. HP: 22/22 MP: 3/6
   624 | D:2      | Learned a level 3 spell: Mephitic Cloud
   835 | D:2      | Reached skill level 1 in Conjurations
   933 | D:2      | Found a faded altar to an unknown god.
   993 | D:2      | Reached skill level 2 in Conjurations
  1100 | D:2      | Reached XP level 4. HP: 27/27 MP: 0/7
  1544 | D:3      | Reached skill level 3 in Conjurations
  1631 | D:3      | Noticed Robin
  1726 | D:3      | Reached skill level 3 in Fighting
  1732 | D:3      | Killed Robin
  1798 | D:3      | Learned a level 1 spell: Summon Butterflies
  1848 | D:3      | Noticed Terence
  1886 | D:3      | Killed Terence
  1886 | D:3      | Reached XP level 5. HP: 32/32 MP: 1/8
  1921 | D:3      | Upgraded the game from 0.18-a0-1396-g8753ca6 to 0.18-a0-1405-g73f4075
  2083 | D:3      | Reached skill level 4 in Fighting
  2083 | D:3      | Reached skill level 4 in Conjurations
  2171 | D:3      | Reached XP level 6. HP: 26/38 MP: 5/9
  2194 | D:3      | Found a roughly hewn altar of Beogh.
  2772 | D:4      | Noticed Crazy Yiuf
  2777 | D:4      | Killed Crazy Yiuf
  3191 | D:5      | Entered Level 5 of the Dungeon
  3273 | D:5      | Reached skill level 5 in Fighting
  3273 | D:5      | Reached XP level 7. HP: 44/44 MP: 10/10
  3339 | D:5      | Reached skill level 5 in Conjurations
  3460 | D:5      | Reached skill level 3 in Spellcasting
  3919 | D:6      | Noticed Eustachio
  3939 | D:6      | Killed Eustachio
  3939 | D:6      | Reached skill level 5 in Poison Magic
  3939 | D:6      | Reached XP level 8. HP: 48/51 MP: 6/12
  3998 | D:6      | Found a staircase to the Ecumenical Temple.
  4014 | Temple   | Entered the Ecumenical Temple
  4032 | Temple   | Became a worshipper of Vehumet
  4145 | D:6      | Reached skill level 6 in Conjurations
  4162 | D:6      | Found a sand-covered staircase.
  4182 | Ossuary  | Entered an ossuary
  4204 | Ossuary  | Reached skill level 6 in Fighting
  4266 | Ossuary  | Noticed Azzok's ghost (amateur SpEn)
  4273 | Ossuary  | Killed Azzok's ghost
  4387 | Ossuary  | Learned a level 1 spell: Apportation
  4560 | D:7      | Reached * piety under Vehumet
  4560 | D:7      | Offered knowledge of Freeze by Vehumet.
  4565 | D:7      | Reached skill level 4 in Spellcasting
  4605 | D:7      | HP: 2/52 [something/ball of steam (16)]
  4634 | D:6      | Reached skill level 6 in Poison Magic
  4780 | D:6      | Found a shattered altar of Ashenzari.
  4782 | D:6      | Found a basalt altar of Yredelemnul.
  4782 | D:6      | Found a snail-covered altar of Cheibriados.
  4895 | D:6      | Reached XP level 9. HP: 21/56 MP: 11/15
  4913 | D:6      | Learned a level 4 spell: Olgreb's Toxic Radiance
  5095 | D:7      | Reached skill level 7 in Conjurations
  5167 | D:7      | Reached skill level 7 in Fighting
  5467 | D:7      | Learned a level 2 spell: Repel Missiles
  5473 | D:7      | Learned a level 2 spell: Swiftness
  5483 | D:7      | Found an iron altar of Okawaru.
  5498 | D:7      | Noticed Dowan
  5563 | D:7      | Noticed Duvessa
  5571 | D:7      | Killed Duvessa
  5571 | D:7      | Reached skill level 1 in Air Magic
  5575 | D:7      | Killed Dowan
  5633 | D:8      | Reached skill level 2 in Air Magic
  5714 | D:8      | Reached skill level 1 in Charms
  5733 | D:8      | Offered knowledge of Flame Tongue by Vehumet.
  5737 | D:8      | Reached ** piety under Vehumet
  5779 | D:8      | Found Biarea Enunn's Book Boutique.
  5888 | D:8      | Reached skill level 3 in Air Magic
  6009 | D:8      | Reached skill level 5 in Spellcasting
  6017 | D:8      | Learned a level 5 spell: Lightning Bolt
  6160 | D:8      | Reached skill level 4 in Air Magic
  6381 | D:9      | Reached skill level 5 in Air Magic
  6448 | D:9      | Reached XP level 10. HP: 54/63 MP: 17/17
  6642 | D:9      | Noticed a hill giant
  6661 | D:9      | Killed a hill giant
  6830 | D:9      | Reached skill level 6 in Air Magic
  6833 | D:9      | Noticed BenSoosneb's ghost (novice TeCj)
  6843 | D:9      | Killed BenSoosneb's ghost
  6843 | D:9      | Reached skill level 6 in Spellcasting
  6843 | D:9      | Reached skill level 1 in Translocations
  6916 | D:9      | Offered knowledge of Throw Frost by Vehumet.
  6944 | D:9      | Got a bound pewter ring
  6945 | D:9      | Identified the ring "Joestriss" {Fire rPois rN++} (You took it off an orc wizard on level 9 of the Dungeon)
  7009 | D:9      | Reached *** piety under Vehumet
  7033 | D:9      | Reached skill level 2 in Translocations
  7098 | D:9      | Found a bloodstained altar of Trog.
  7100 | D:9      | Identified the Papyrus of Retrieval (You found it on level 9 of the Dungeon)
  7194 | D:10     | Entered Level 10 of the Dungeon
  7194 | D:10     | Noticed a hill giant
  7197 | D:10     | Noticed a gargoyle
  7229 | D:10     | Found a staircase to the Orcish Mines.
  7237 | D:10     | Reached skill level 7 in Air Magic
  7365 | D:10     | Killed a hill giant
  7365 | D:10     | Reached skill level 7 in Spellcasting
  7503 | D:10     | Noticed M4edhros's ghost (journeyman OpAr)
  7520 | D:10     | Killed a gargoyle
  7520 | D:10     | Reached XP level 11. HP: 60/67 MP: 21/21
  7538 | D:10     | HP: 6/67 [something (5)]
  7541 | D:10     | Killed M4edhros's ghost
  7541 | D:10     | Reached skill level 8 in Air Magic
  7541 | D:10     | Mangled by an unseen horror

Vault maps used:
D:1:      lightli_arrival_farm
D:2:      ecumenical_altar_1, hangedman_decor_peaks_small, serial_bayou_lake_a
D:3:      kennysheep_goblin_castle, kennysheep_orc_chapel, uniq_terence
D:4:      first_bread, uniq_crazy_yiuf_cottage
D:6:      gammafunk_temple_overflow_forgotten, minmay_temple_entry_nine_rooms,
          enter_ossuary_3, uniq_eustachio
D:7:      lemuel_round_altar, uniq_duvessa
D:8:      serial_shops, shop
D:9:      hangedman_fish_farm, trog_book
D:10:     orc_david_3
Temple:   lightli_temple_of_artemis
Ossuary:  ossuary_minmay_chase

Skill      XL: |  1  2  3  4  5  6  7  8  9 10 11 |
---------------+----------------------------------+-----
Fighting       | 1 2 3 4 5 6 7 |  7.1
Conjurations   | 2 3 4 5 6 7 |  7.2
Spellcasting   | 3 4 5 7 |  7.4
Poison Magic   | 5 6 |  6.5
Air Magic      | 5 7 8 |  8.2
Charms         | 1 |  1.0
Translocations | 2 |  2.1
Dodging        | |  1.5
Stealth        | |  2.1

Action                   |  1- 3 |  4- 6 |  7- 9 | 10-12 || total
-------------------------+-------+-------+-------+-------++-------
Melee: Unarmed           |     7 |       |       |       ||     7
       Short sword       |     8 |       |       |       ||     8
       Spear             |    49 |    45 |       |       ||    94
       Rapier            |       |    46 |       |       ||    46
       Whip              |       |    67 |       |       ||    67
       Quarterstaff      |       |    14 |   311 |    97 ||   422
 Fire: Hunting sling     |       |     7 |     8 |     3 ||    18
       Blowgun           |       |       |       |     9 ||     9
 Cast: Sting             |    56 |    95 |    61 |       ||   212
       Mephitic Cloud    |       |     8 |    13 |     2 ||    23
       Olgreb's Toxic Ra |       |       |    10 |    31 ||    41
       Apportation       |       |       |     2 |     7 ||     9
       Repel Missiles    |       |       |     1 |     2 ||     3
Evoke: Wand              |       |       |     2 |       ||     2
  Use: Scroll            |     8 |     8 |    13 |     1 ||    30
       Potion            |       |       |     4 |     6 ||    10
 Stab: Sleeping          |     1 |     1 |     1 |       ||     3
       Confused          |       |     2 |     4 |       ||     6
       Paralysed         |       |       |     9 |     4 ||    13
  Eat: Chunk             |     2 |    10 |    14 |     9 ||    35
       Beef jerky        |       |     3 |       |       ||     3
       Fruit             |       |       |     1 |     1 ||     2

Table legend:
 A = Turns spent in this place as a percentage of turns spent in the entire game.
 B = Non-inter-level travel turns spent in this place as a percentage of non-inter-level travel turns spent in the entire game.
 C = Inter-level travel turns spent in this place as a percentage of turns spent in this place.
 D = Turns resting spent in this place as a percentage of non-inter-level travel turns spent in this place.
 E = Turns spent auto-exploring this place as a percentage of non-inter-level travel turns spent in this place.
 F = Non-inter-level travel turns spent in this place divided by the number of levels of this place that you've seen.
                   A       B       C       D       E      F
               +-------+-------+-------+-------+-------+----------------------
         Total | 100.0 | 100.0 |   0.3 |   0.5 |   0.1 | 489.7
       Dungeon |  95.7 |  95.7 |   0.4 |   0.4 |   0.1 | 562.4
        Temple |   0.6 |   0.6 |   0.0 |   0.0 |   0.0 |  36.0
       Ossuary |   3.7 |   3.7 |   0.0 |   4.2 |   0.0 | 216.0
               +-------+-------+-------+-------+-------+----------------------

Table legend:
 A = Kills in this place as a percentage of kills in entire the game.
 B = Kills by you in this place as a percentage of kills by you in the entire game.
 C = Kills by friends in this place as a percentage of kills by friends in the entire game.
 D = Other kills in this place as a percentage of other kills in the entire game.
 E = Experience gained in this place as a percentage of experience gained in the entire game.
 F = Experience gained in this place divided by the number of levels of this place that you have seen.
                   A       B       C       D       E      F
               +-------+-------+-------+-------+-------+----------------------
         Total | 100.0 | 100.0 |  -nan | 100.0 | 100.0 | 855.9
       Dungeon |  90.8 |  90.7 |  -nan | 100.0 |  97.3 | 999.0
       Ossuary |   9.2 |   9.3 |  -nan |   0.0 |   2.7 | 281.0
               +-------+-------+-------+-------+-------+----------------------

Vault maps used:
D:1:      lightli_arrival_farm
D:2:      ecumenical_altar_1, hangedman_decor_peaks_small, serial_bayou_lake_a
D:3:      kennysheep_goblin_castle, kennysheep_orc_chapel, uniq_terence
D:4:      first_bread, uniq_crazy_yiuf_cottage
D:6:      gammafunk_temple_overflow_forgotten, minmay_temple_entry_nine_rooms,
          enter_ossuary_3, uniq_eustachio
D:7:      lemuel_round_altar, uniq_duvessa
D:8:      serial_shops, shop
D:9:      hangedman_fish_farm, trog_book
D:10:     orc_david_3
Temple:   lightli_temple_of_artemis
Ossuary:  ossuary_minmay_chase
